[ AOE2 MATCH · #493638115 ]
UnrankedSaracens vs Dravidians
Player's team · WIN
Rival team · LOSS
[ REPLAY ANALYSIS · EXTRACTED FROM THE RECORDED GAME ]
Feudal
10:30
Castle
14:25
Imperial
40:04
| APM avg | 87.3 |
| APM peak | 143 |
| eAPM avg | 49.3 |
| Villagers / military | 159 / 218 |
Focus
⚔️ 58.7% · 🌾 41.3%
Mameluke ×113 · Skirmisher ×68 · Battering Ram ×15 · Monk ×13 · Knight ×5 · Trebuchet (Packed) ×3
Feudal
10:16
Castle
22:11
Imperial
34:33
| APM avg | 62.1 |
| APM peak | 113 |
| eAPM avg | 31.6 |
| Villagers / military | 168 / 168 |
Focus
⚔️ 42.0% · 🌾 58.0%
Archer ×54 · Elephant Archer ×43 · Spearman ×42 · Militia ×9 · Mangonel ×5 · Monk ×4
Match map
Initial resources + every placement click. Lines = walls · curves = elevation contours. ◆ gold · ⬟ stone · ● berries · ✦ relic · ◌ wall gap
Your base· Open — unwalled flank
Valas's base· ✓ Closed at 22:11 · 18t walls · no gate
Smoothed initial terrain · ◌ = detected wall gap · hover for details
Inputs per minute
— Oni.TheViper - - Valas
Build order — Oni.TheViper
First 150 of 589 actions detected
| 0:00 | Create | Villager (Male) |
| 0:00 | Create | Villager (Male) |
| 0:01 | Build | House |
| 0:02 | Build | House |
| 0:03 | Create | Villager (Male) |
| 0:10 | Create | Villager (Male) |
| 1:24 | Create | Villager (Male) |
| 1:47 | Build | Lumber Camp |
| 2:03 | Create | Villager (Male) |
| 2:16 | Create | Villager (Male) |
| 2:44 | Create | Villager (Male) |
| 3:02 | Create | Villager (Male) |
| 3:25 | Create | Villager (Male) |
| 3:50 | Build | House |
| 3:53 | Create | Villager (Male) |
| 4:16 | Create | Villager (Male) |
| 4:27 | Build | House |
| 4:46 | Create | Villager (Male) |
| 4:48 | Build | Mill |
| 5:05 | Create | Villager (Male) |
| 5:23 | Create | Villager (Male) |
| 5:48 | Research | Loom |
| 6:37 | Create | Villager (Male) |
| 6:57 | Create | Villager (Male) |
| 7:11 | Build | House |
| 7:12 | Build | Palisade Wall |
| 7:21 | Build | Mining Camp |
| 7:22 | Create | Villager (Male) |
| 7:49 | Create | Villager (Male) |
| 7:53 | Build | Palisade Wall |
| 8:15 | Research | Feudal Age |
| 8:42 | Build | Barracks |
| 9:18 | Build | Palisade Wall |
| 9:27 | Create | Villager (Male) |
| 9:59 | Create | Villager (Male) |
| 10:30 | Age | Feudal Age |
| 10:37 | Build | Market |
| 11:01 | Build | Stable |
| 11:10 | Create | Villager (Male) |
| 11:44 | Research | Castle Age |
| 11:44 | Research | Castle Age |
| 12:18 | Build | Palisade Wall |
| 12:22 | Build | Gate |
| 12:24 | Build | Gate |
| 12:30 | Build | Gate |
| 12:34 | Build | House |
| 12:52 | Research | Double-Bit Axe |
| 12:53 | Research | Horse Collar |
| 13:18 | Create | Villager (Male) |
| 13:27 | Build | Palisade Wall |
| 13:28 | Build | Palisade Wall |
| 13:35 | Build | Farm |
| 13:35 | Build | Farm |
| 13:37 | Build | Farm |
| 13:45 | Build | Farm |
| 13:46 | Build | Farm |
| 13:53 | Build | House |
| 14:00 | Create | Villager (Male) |
| 14:25 | Age | Castle Age |
| 14:27 | Create | Knight |
| 14:33 | Build | Town Center |
| 14:41 | Create | Villager (Male) |
| 14:46 | Create | Knight |
| 15:15 | Create | Villager (Male) |
| 15:34 | Create | Knight |
| 15:57 | Create | Villager (Male) |
| 16:04 | Create | Villager (Male) |
| 16:11 | Build | Monastery |
| 16:23 | Build | Palisade Wall |
| 16:32 | Create | Knight |
| 16:47 | Create | Monk |
| 16:48 | Build | House |
| 16:49 | Create | Villager (Male) |
| 16:50 | Create | Villager (Male) |
| 17:01 | Build | House |
| 17:17 | Build | Farm |
| 17:25 | Create | Knight |
| 17:47 | Build | Blacksmith |
| 17:49 | Create | Villager (Male) |
| 18:06 | Create | Villager (Male) |
| 18:32 | Build | Siege Workshop |
| 18:33 | Create | Villager (Male) |
| 18:47 | Create | Villager (Male) |
| 18:48 | Build | Farm |
| 19:02 | Build | House |
| 19:03 | Build | House |
| 19:08 | Create | Scorpion |
| 19:18 | Build | House |
| 19:19 | Build | House |
| 19:22 | Build | Palisade Wall |
| 19:23 | Create | Villager (Male) |
| 19:31 | Build | Stone Wall |
| 19:46 | Build | House |
| 19:47 | Build | House |
| 19:57 | Create | Villager (Male) |
| 20:16 | Build | Farm |
| 20:16 | Build | Farm |
| 20:20 | Build | House |
| 20:27 | Create | Monk |
| 20:35 | Create | Villager (Male) |
| 20:47 | Create | Villager (Male) |
| 20:47 | Create | Villager (Male) |
| 21:03 | Create | Villager (Male) |
| 21:16 | Build | Lumber Camp |
| 21:21 | Create | Villager (Male) |
| 21:23 | Create | Monk |
| 21:35 | Create | Villager (Male) |
| 21:47 | Create | Villager (Male) |
| 21:58 | Create | Villager (Male) |
| 22:02 | Build | Town Center |
| 22:12 | Build | House |
| 22:18 | Build | House |
| 22:18 | Create | Villager (Male) |
| 22:26 | Create | Villager (Male) |
| 22:45 | Create | Villager (Male) |
| 22:53 | Create | Villager (Male) |
| 23:02 | Build | Town Center |
| 23:08 | Build | Farm |
| 23:08 | Build | Farm |
| 23:13 | Build | Farm |
| 23:19 | Create | Villager (Male) |
| 23:26 | Create | Villager (Male) |
| 23:26 | Create | Villager (Male) |
| 23:30 | Build | Farm |
| 23:34 | Build | Farm |
| 23:43 | Build | Farm |
| 23:45 | Create | Villager (Male) |
| 23:45 | Create | Villager (Male) |
| 23:46 | Build | Farm |
| 23:53 | Build | Farm |
| 23:58 | Create | Villager (Male) |
| 24:11 | Create | Villager (Male) |
| 24:16 | Research | Heavy Plow |
| 24:17 | Create | Villager (Male) |
| 24:19 | Research | Bow Saw |
| 24:19 | Research | Bow Saw |
| 24:20 | Create | Villager (Male) |
| 24:21 | Create | Villager (Male) |
| 24:21 | Create | Villager (Male) |
| 24:29 | Create | Villager (Male) |
| 24:35 | Build | Farm |
| 24:35 | Build | Farm |
| 24:39 | Build | Farm |
| 24:42 | Create | Villager (Male) |
| 24:44 | Create | Villager (Male) |
| 24:52 | Research | Stone Mining |
| 24:54 | Create | Villager (Male) |
| 25:02 | Build | Farm |
| 25:04 | Build | Farm |
| 25:09 | Create | Villager (Male) |
Build order — Valas
First 150 of 590 actions detected
| 0:01 | Create | Villager (Male) |
| 0:01 | Create | Villager (Male) |
| 0:01 | Create | Villager (Male) |
| 0:02 | Build | House |
| 0:03 | Build | House |
| 0:07 | Create | Villager (Male) |
| 1:28 | Create | Villager (Male) |
| 2:04 | Create | Villager (Male) |
| 2:06 | Build | Lumber Camp |
| 2:19 | Create | Villager (Male) |
| 2:51 | Create | Villager (Male) |
| 3:05 | Create | Villager (Male) |
| 3:37 | Create | Villager (Male) |
| 3:56 | Build | House |
| 4:00 | Create | Villager (Male) |
| 4:24 | Create | Villager (Male) |
| 4:38 | Build | Barracks |
| 4:50 | Create | Villager (Male) |
| 4:58 | Create | Villager (Male) |
| 5:31 | Create | Villager (Male) |
| 5:51 | Build | House |
| 6:08 | Create | Villager (Male) |
| 6:10 | Build | Mining Camp |
| 6:21 | Research | Loom |
| 7:07 | Create | Villager (Male) |
| 7:10 | Build | Mill |
| 7:29 | Create | Villager (Male) |
| 8:06 | Research | Feudal Age |
| 8:07 | Research | Feudal Age |
| 8:38 | Create | Militia |
| 8:50 | Build | Lumber Camp |
| 8:59 | Build | House |
| 9:00 | Build | Palisade Wall |
| 9:05 | Build | Palisade Wall |
| 9:11 | Create | Militia |
| 9:11 | Create | Militia |
| 9:11 | Create | Militia |
| 9:49 | Build | Palisade Wall |
| 10:00 | Create | Militia |
| 10:16 | Age | Feudal Age |
| 10:18 | Build | Archery Range |
| 10:19 | Create | Villager (Male) |
| 10:26 | Research | Man-at-Arms (upgrade) |
| 10:46 | Create | Villager (Male) |
| 10:56 | Build | House |
| 10:58 | Build | Palisade Wall |
| 11:03 | Research | Double-Bit Axe |
| 11:08 | Research | Arson |
| 11:13 | Create | Villager (Male) |
| 11:14 | Create | Archer |
| 11:15 | Build | House |
| 11:23 | Research | Horse Collar |
| 11:42 | Create | Villager (Male) |
| 11:47 | Build | Farm |
| 11:52 | Create | Archer |
| 12:01 | Create | Villager (Male) |
| 12:08 | Build | House |
| 12:17 | Create | Villager (Male) |
| 12:23 | Create | Militia |
| 12:24 | Create | Militia |
| 12:37 | Build | Farm |
| 12:38 | Build | Farm |
| 12:39 | Build | Farm |
| 12:55 | Create | Villager (Male) |
| 12:57 | Build | Farm |
| 12:59 | Build | Farm |
| 13:10 | Create | Villager (Male) |
| 13:12 | Build | Farm |
| 13:15 | Create | Archer |
| 13:17 | Create | Archer |
| 13:34 | Create | Villager (Male) |
| 13:44 | Create | Villager (Male) |
| 13:58 | Create | Militia |
| 13:59 | Build | House |
| 13:59 | Create | Villager (Male) |
| 14:06 | Build | Farm |
| 14:07 | Build | Farm |
| 14:20 | Create | Militia |
| 14:23 | Build | Farm |
| 14:29 | Build | House |
| 14:30 | Create | Villager (Male) |
| 14:32 | Create | Archer |
| 14:50 | Build | Blacksmith |
| 14:51 | Create | Villager (Male) |
| 14:55 | Create | Spearman |
| 14:55 | Create | Spearman |
| 15:17 | Create | Spearman |
| 15:21 | Build | Palisade Wall |
| 15:31 | Create | Villager (Male) |
| 15:35 | Create | Villager (Male) |
| 15:45 | Create | Spearman |
| 15:45 | Create | Spearman |
| 15:56 | Create | Spearman |
| 15:57 | Create | Spearman |
| 16:05 | Research | Fletching |
| 16:26 | Create | Villager (Male) |
| 16:31 | Build | Farm |
| 16:31 | Build | Farm |
| 16:32 | Build | Farm |
| 16:32 | Build | Farm |
| 16:33 | Build | Farm |
| 16:41 | Create | Spearman |
| 16:43 | Create | Archer |
| 16:44 | Create | Archer |
| 16:44 | Create | Villager (Male) |
| 16:45 | Build | House |
| 17:01 | Build | Farm |
| 17:27 | Create | Villager (Male) |
| 17:40 | Build | Farm |
| 17:43 | Build | Market |
| 17:45 | Build | House |
| 17:56 | Create | Villager (Male) |
| 18:08 | Build | House |
| 18:11 | Build | House |
| 18:13 | Build | Mining Camp |
| 18:25 | Create | Spearman |
| 18:43 | Create | Villager (Male) |
| 19:26 | Create | Villager (Male) |
| 19:31 | Research | Castle Age |
| 19:31 | Research | Castle Age |
| 20:24 | Research | Town Watch |
| 20:24 | Research | Town Watch |
| 20:27 | Create | Spearman |
| 20:27 | Create | Spearman |
| 20:27 | Create | Spearman |
| 21:04 | Create | Spearman |
| 21:07 | Build | Outpost |
| 21:23 | Build | Outpost |
| 21:28 | Research | Scale Mail Armor |
| 21:28 | Research | Forging |
| 22:09 | Create | Villager (Male) |
| 22:11 | Age | Castle Age |
| 22:14 | Research | Bow Saw |
| 22:16 | Research | Pikeman (upgrade) |
| 22:17 | Research | Squires |
| 22:17 | Research | Squires |
| 22:20 | Build | Town Center |
| 22:23 | Build | Town Center |
| 22:32 | Research | Heavy Plow |
| 22:51 | Create | Villager (Male) |
| 22:54 | Build | Monastery |
| 23:17 | Research | Wheelbarrow |
| 23:29 | Build | Town Center |
| 23:34 | Create | Villager (Male) |
| 23:35 | Create | Villager (Male) |
| 23:39 | Create | Monk |
| 23:44 | Create | Villager (Male) |
| 23:46 | Build | Outpost |
| 23:53 | Build | Farm |
| 24:04 | Create | Villager (Male) |
Match timeline
| 4:38 | Valas · first_building Barracks |
| 7:12 | Oni.TheViper · wall_segment Palisade Wall x1 |
| 7:53 | Oni.TheViper · wall_segment Palisade Wall x5 |
| 8:42 | Oni.TheViper · first_building Barracks |
| 9:00 | Valas · wall_segment Palisade Wall x1 |
| 9:05 | Valas · wall_segment Palisade Wall x6 |
| 9:18 | Oni.TheViper · wall_segment Palisade Wall x4 |
| 9:49 | Valas · wall_segment Palisade Wall x8 |
| 10:16 | Valas · age_up feudal |
| 10:18 | Valas · first_building Archery Range |
| 10:30 | Oni.TheViper · age_up feudal |
| 10:58 | Valas · wall_segment Palisade Wall x3 |
| 11:01 | Oni.TheViper · first_building Stable |
| 11:43 | Oni.TheViper · first_market_buy 100 food |
| 11:43 | Oni.TheViper · first_market_sell 100 stone |
| 12:18 | Oni.TheViper · wall_segment Palisade Wall x1 |
| 13:27 | Oni.TheViper · wall_segment Palisade Wall x1 |
| 13:28 | Oni.TheViper · wall_segment Palisade Wall x1 |
| 14:25 | Oni.TheViper · age_up castle |
| 15:21 | Valas · wall_segment Palisade Wall x1 |
| 16:11 | Oni.TheViper · first_building Monastery |
| 16:23 | Oni.TheViper · wall_segment Palisade Wall x1 |
| 18:32 | Oni.TheViper · first_building Siege Workshop |
| 19:22 | Oni.TheViper · wall_segment Palisade Wall x1 |
| 19:30 | Valas · first_market_sell 100 wood |
| 19:30 | Valas · first_market_buy 100 food |
| 19:31 | Oni.TheViper · wall_segment Stone Wall x1 |
| 22:11 | Valas · age_up castle |
| 22:54 | Valas · first_building Monastery |
| 26:24 | Valas · first_building Siege Workshop |
| 27:04 | Oni.TheViper · first_building Castle |
| 29:42 | Valas · wall_segment Palisade Wall x1 |
| 31:11 | Valas · first_building Castle |
| 33:55 | Valas · wall_segment Stone Wall x1 |
| 33:56 | Valas · wall_segment Stone Wall x1 |
| 34:05 | Valas · wall_segment Stone Wall x1 |
| 34:22 | Valas · wall_segment Stone Wall x1 |
| 34:33 | Valas · age_up imperial |
| 34:49 | Valas · wall_segment Stone Wall x1 |
| 38:24 | Oni.TheViper · first_building Archery Range |
| 40:04 | Oni.TheViper · age_up imperial |
| 42:11 | Valas · wall_segment Stone Wall x1 |
| 42:12 | Valas · wall_segment Stone Wall x1 |
| 44:34 | Valas · first_building Stable |
| 50:21 | Valas · resign |
[ AI ANALYSIS · 1 CREDIT ]
What really happened in this match?
Wolo.gg analyzes every decision: build order, eco, micro, common mistakes by bracket. Personalized analysis on WhatsApp or Discord in 30 seconds.
Civ guide
Saracens
Perfil
Jugador #196240